 Dungeon Crawl Stone Soup version 0.20-a0-429-g054b1fe (webtiles) character file.

18860 AlphabetPasta the Mender (level 12, -6/103 HPs)
             Began as a Deep Dwarf Venom Mage on Dec 31, 2016.
             Was a Priest of Elyvilon.
             Mangled by a slime creature (16 damage)
             ... on level 11 of the Dungeon on Jan 1, 2017.
             The game lasted 02:07:56 (16244 turns).

AlphabetPasta the Mender (Deep Dwarf Venom Mage)   Turns: 16244, Time: 02:07:57

Health: -6/103     AC: 11    Str: 19    XL:     12   Next: 31%
Magic:  17/30      EV: 17    Int: 21    God:    Elyvilon [***...]
Gold:   723        SH:  0    Dex: 13    Spells: 8/23 levels left

rFire  . . .     SeeInvis .     a - +0 lajatang
rCold  . . .     Gourm    .     L - +1 robe of Cepuiduh {MR+ Str+5 Int+2 Slay+2}
rNeg   . . .     Faith    .     (shield currently unavailable)
rPois  .         Spirit   .     x - +1 helmet
rElec  .         Reflect  .     e - +2 cloak
rCorr  .         Harm     .     u - +0 pair of gloves
MR     ++...                    w - +0 pair of boots
Stlth  ++........               (no amulet)
                                f - ring of wizardry
                                P - ring of magical power

@: non-regenerating
A: damage resistance, recharge devices, sense surroundings 2, slow regeneration
3
a: Heal Wounds, Lesser Healing, Heal Other, Purification, Divine Protection,
Renounce Religion


You were on level 11 of the Dungeon.
You worshipped Elyvilon.
Elyvilon was most pleased with you.
You were very hungry.

You visited 2 branches of the dungeon, and saw 13 of its levels.
You also visited: Sewer.

You collected 945 gold pieces.
You spent 222 gold pieces at shops.

Inventory:

Hand Weapons
 a - a +0 lajatang (weapon)
 j - a +1 quarterstaff
 n - a +0 mace
Armour
 e - a +2 cloak (worn)
 m - a +0 leather armour
 u - a +0 pair of gloves (worn)
 w - a +0 pair of boots (worn)
 x - a +1 helmet (worn)
 y - a +2 leather armour of cold resistance
 z - the +2 buckler "Coive" {Dex+7, unknown}
   (You found it on level 7 of the Dungeon)

   It affects your dexterity (+7).
 E - a +0 robe
 L - the +1 robe of Cepuiduh (worn) {MR+ Str+5 Int+2 Slay+2}
   (You took it off an orc on level 11 of the Dungeon)

   It affects your strength (+5).
   It affects your intelligence (+2).
   It affects your accuracy and damage with ranged weapons and melee attacks
   (+2).
   It affects your resistance to hostile enchantments.
Jewellery
 f - a ring of wizardry (right hand)
 p - an uncursed ring of protection from cold
 v - an uncursed ring of flight
 O - an uncursed ring of protection from cold
 P - a ring of magical power (left hand)
Wands
 s - a wand of digging (16/24)
 B - a wand of confusion (3/48)
 C - a wand of iceblast (0/15)
 G - a wand of lightning (0/15)
 I - a wand of disintegration (13/24)
Scrolls
 h - 2 scrolls of teleportation
 r - 11 scrolls of identify
 A - 4 scrolls of magic mapping
 D - 4 scrolls of remove curse
 F - a scroll of summoning
 H - a scroll of fear
 J - a scroll of enchant armour
Potions
 l - a potion of cure mutation
 o - 2 potions of curing
 q - 3 potions of flight
 t - 3 potions of might
Books
 b - a Young Poisoner's Handbook

   Spells                             Type                      Level
   a - Sting                          Conjuration/Poison           1
   b - Mephitic Cloud                 Conjuration/Poison/Air       3
   c - Olgreb's Toxic Radiance        Poison                       4
   d - Alistair's Intoxication        Transmutation/Poison         5
   e - Venom Bolt                     Conjuration/Poison           5
 k - a book of Party Tricks

   Spells                             Type                      Level
   a - Summon Butterflies             Summoning                    1
   b - Apportation                    Translocation                1
   c - Lesser Beckoning               Translocation                3
   d - Tukima's Dance                 Hexes                        3
   e - Alistair's Intoxication        Transmutation/Poison         5
   f - Invisibility                   Hexes                        6
Comestibles
 c - 10 bread rations
 d - 2 meat rations
 g - 2 royal jellies
 M - a beef jerky


   Skills:
 - Level 5.1 Fighting
 + Level 5.1 Staves
 + Level 5.5 Armour
 + Level 8.2 Dodging
 - Level 2.4 Stealth
 - Level 5.0 Shields
 + Level 6.3 Spellcasting
 + Level 6.1 Conjurations
 * Level 8.9 Poison Magic
 * Level 10.1 Invocations


You had 8 spell levels left.
You knew the following spells:

 Your Spells              Type           Power        Failure   Level  Hunger
a - Sting                 Conj/Pois      ####         1%          1    None
b - Mephitic Cloud        Conj/Pois/Air  ####....     1%          3    #......
c - Olgreb's Toxic Radia  Pois           #####...     1%          4    ###....
d - Venom Bolt            Conj/Pois      #####.....   6%          5    #####..
e - Repel Missiles        Chrm/Air       #.....       6%          2    None


Dungeon Overview and Level Annotations

Branches:
Dungeon (12/15)            Temple (1/1) D:6            Lair (0/6) D:9
    Orc (0/2) D:9

Altars:
Ashenzari
Cheibriados
Dithmenos
Elyvilon
Fedhas
Gozag
Hepliaklqana
Kikubaaqudgha
Makhleb
Nemelex Xobeh
Okawaru
Qazlal
Ru
Sif Muna
Trog
Uskayaw
Vehumet
Xom
Yredelemnul
Zin
The Shining One

Shops:
D:4 *   D:6 !

Annotations:
D:6 Meow's ghost, novice OgWz
D:7 4 runed doors, morfei's ghost, novice VSAE
D:12 Fannar


Innate Abilities, Weirdness & Mutations

You are resistant to damage.
You can recharge devices by infusing magical energy.
You passively map the area around you.
You do not regenerate.


Message History

The very large slime creature misses you.
You slash the very large slime creature!
The very large slime creature is moderately wounded.
The very large slime creature hits you!!
* * * LOW HITPOINT WARNING * * *
Okay, then.
You are healed.
You feel somewhat more hungry.
A very large slime creature splits.
You are healed.
You feel somewhat more hungry. The large slime creature hits you!!
* * * LOW HITPOINT WARNING * * *
The slime creature hits you but does no damage.
You are healed.
You are feeling very hungry.
A large slime creature splits.
The slime creature hits you!
* * * LOW HITPOINT WARNING * * *
You are healed.
You feel somewhat more hungry.
You feel a little less clever now. The slime creature misses you.
The slime creature hits you!!
You die...

.......#####.#######.'.# #....
.......# #.........### #....
.......# ########'## #....
.......# ###.:# #.... .......#
#...## ##### ####.### #.###
#....# #####'#########
#(##########...JJ..[.....#
......##...'...J@..[.....#
......#..###.............########
......+.## #.........:...##......
......### #....[........'..#####
......# #........[..>>####
#'##### #########'##### #..# #..#
##.### ##.## #...## #..#


You could see 3 slime creatures.

Vanquished Creatures
  Harold (D:10)
  7 two-headed ogres
  3 unseen horrors
  2 cyclopes
  An elephant (D:9)
  Maurice (D:9)
  A komodo dragon (D:12)
  2 trolls
  A hornet (D:11)
  5 hippogriffs
  A wyvern (D:11)
  A spriggan (D:7)
  A wraith (D:10)
  12 yaks
  A basilisk (D:9)
  Menkaure (D:6)
  Edmund (D:6)
  A hungry ghost (D:9)
  Duvessa (D:7)
  A water moccasin (D:8)
  4 ice beasts
  4 orc warriors
  5 sky beasts
  4 eyes of draining
  A necrophage (D:8)
  9 ogres
  A phantom (D:9)
  5 centaurs
  A crocodile (D:9)
  7 big kobolds (Sewer)
  6 bullfrogs
  A wyvern zombie (D:10)
  A water moccasin zombie (D:8)
  A wyvern skeleton (D:9)
  Dowan (D:7)
  4 scorpions
  8 killer bees
  2 spriggan skeletons (D:9)
  2 howler monkeys (D:10)
  6 crimson imps
  A bullfrog zombie (D:5)
  3 jellies
  3 orc priests
  5 hounds
  13 orc wizards
  4 centaur skeletons
  4 iguanas
  10 worker ants
  A worker ant zombie (D:5)
  A howler monkey zombie (D:9)
  Robin (D:4)
  11 adders
  3 gnolls (D:2)
  4 river rats
  3 shadow imps
  5 oozes
  An adder skeleton (D:7)
  An adder zombie (D:8)
  6 worms
  3 dart slugs
  7 leopard geckos
  34 orcs
  7 ball pythons
  9 giant cockroaches
  10 goblins
  12 hobgoblins
  28 jackals
  5 quokkas
  7 bats
  2 frilled lizards (D:1)
  8 kobolds
  A quokka skeleton (D:7)
  3 quokka zombies
  12 rats
346 creatures vanquished.

Notes
Turn   | Place    | Note
-------+----------+-------------------------------------------
     0 | D:1      | AlphabetPasta the Deep Dwarf Venom Mage began the quest for the Orb.
     0 | D:1      | Reached XP level 1. HP: 15/15 MP: 3/3
   143 | D:1      | Reached skill level 1 in Conjurations
   240 | D:1      | Reached XP level 2. HP: 22/22 MP: 2/4
   563 | D:1      | Reached skill level 1 in Armour
   830 | D:1      | Reached XP level 3. HP: 28/28 MP: 1/6
  1055 | D:1      | Learned a level 3 spell: Mephitic Cloud
  1186 | D:2      | Found a sparkling altar of Nemelex Xobeh.
  1723 | D:2      | Reached XP level 4. HP: 30/37 MP: 1/7
  2488 | D:3      | Reached skill level 1 in Fighting
  2602 | D:3      | Found a glowing drain.
  2643 | D:3      | Reached XP level 5. HP: 22/44 MP: 3/8
  2729 | Sewer    | Entered a sewer
  2770 | Sewer    | Reached skill level 1 in Staves
  2850 | Sewer    | Learned a level 4 spell: Olgreb's Toxic Radiance
  2897 | Sewer    | Reached XP level 6. HP: 33/52 MP: 0/10
  3483 | Sewer    | Reached XP level 7. HP: 32/60 MP: 6/11
  4356 | D:4      | Found a basalt altar of Yredelemnul.
  4582 | D:4      | Noticed Robin
  4716 | D:4      | Killed Robin
  5181 | D:4      | Found Paoxod's General Store.
  5190 | D:4      | Bought a scroll of identify for 24 gold pieces
  5517 | D:5      | Entered Level 5 of the Dungeon
  5527 | D:5      | Reached XP level 8. HP: 34/68 MP: 7/12
  6105 | D:5      | Reached skill level 5 in Poison Magic
  6750 | D:5      | You fall through a shaft for 2 floors!
  6760 | D:7      | Reached skill level 5 in Dodging
  6808 | D:7      | Noticed a hippogriff
  6825 | D:7      | Killed a hippogriff
  6833 | D:7      | Found a sacrificial altar of Ru.
  6837 | D:7      | Got a distressingly furry buckler
  6945 | D:6      | Gained mutation: You passively map the area around you. [Deep Dwarf growth]
  6945 | D:6      | Reached XP level 9. HP: 27/76 MP: 10/14
  6980 | D:6      | Upgraded the game from 0.20-a0-426-gc811625 to 0.20-a0-428-g059cf21
  7305 | D:6      | Noticed Edmund
  7333 | D:6      | Killed Edmund
  7510 | D:6      | Noticed Menkaure
  7531 | D:6      | Killed Menkaure
  7589 | D:6      | Found a staircase to the Ecumenical Temple.
  7667 | Temple   | Entered the Ecumenical Temple
  7758 | Temple   | Became a worshipper of Elyvilon the Healer
  8056 | D:6      | Found Tuomyes's Distillery.
  8060 | D:6      | Bought a potion of heal wounds for 55 gold pieces
  8060 | D:6      | Bought a potion of berserk rage for 55 gold pieces
  8060 | D:6      | Bought a potion of lignification for 33 gold pieces
  8060 | D:6      | Bought a potion of heal wounds for 55 gold pieces
  8083 | D:6      | Reached skill level 1 in Shields
  8083 | D:6      | Reached skill level 1 in Invocations
  8432 | D:6      | Found a blossoming altar of Fedhas.
  8501 | D:7      | Found a huge runed gate.
  8507 | D:7      | Noticed a death yak
  8509 | D:7      | Noticed a polar bear
  8509 | D:7      | Reached skill level 2 in Invocations
  8544 | D:7      | Found a huge runed gate.
  8544 | D:7      | Noticed a polar bear
  8545 | D:7      | Noticed a polar bear
  8545 | D:7      | Found a huge runed gate.
  8577 | D:7      | Found a shadowy altar of Dithmenos.
  8807 | D:7      | Noticed Dowan
  8811 | D:7      | Noticed Duvessa
  8819 | D:7      | Killed Dowan
  8831 | D:7      | Killed Duvessa
  8939 | D:7      | Found a glowing golden altar of the Shining One.
  8980 | D:7      | Reached skill level 3 in Invocations
  9068 | D:7      | Reached * piety under Elyvilon
  9145 | D:7      | Found a huge runed gate.
  9148 | D:7      | Noticed a manticore
  9149 | D:7      | Noticed a polar bear
  9193 | D:7      | Noticed morfei's ghost (novice VSAE)
  9804 | D:6      | Noticed Meow's ghost (novice OgWz)
  9835 | D:8      | Noticed a two-headed ogre
  9857 | D:8      | Killed a two-headed ogre
  9857 | D:8      | Reached skill level 4 in Invocations
  9857 | D:8      | Reached XP level 10. HP: 45/87 MP: 0/16
 10300 | D:8      | Noticed a two-headed ogre
 10308 | D:8      | Noticed a two-headed ogre
 10442 | D:8      | Learned a level 5 spell: Venom Bolt
 10484 | D:8      | Reached skill level 5 in Invocations
 10783 | D:8      | Killed a two-headed ogre
 10814 | D:8      | Killed a two-headed ogre
 10814 | D:8      | Reached skill level 5 in Fighting
 10814 | D:8      | Reached skill level 6 in Invocations
 10962 | D:8      | Reached ** piety under Elyvilon
 11310 | D:8      | Reached skill level 5 in Spellcasting
 11357 | D:9      | Found a shimmering altar of Xom.
 11726 | D:9      | Found a staircase to the Orcish Mines.
 11840 | D:9      | Paralysed by fainting for 12 turns
 11902 | D:9      | Killed an unseen horror
 11902 | D:9      | Reached skill level 7 in Invocations
 11902 | D:9      | Reached XP level 11. HP: 30/94 MP: 6/18
 11954 | D:9      | Found a staircase to the Lair.
 12131 | D:9      | Reached skill level 5 in Conjurations
 12650 | D:9      | Noticed a two-headed ogre
 12655 | D:9      | Noticed Maurice
 12672 | D:9      | Killed Maurice
 12675 | D:9      | Killed a two-headed ogre
 12766 | D:9      | Reached skill level 8 in Invocations
 12925 | D:10     | Entered Level 10 of the Dungeon
 13070 | D:10     | Noticed Harold
 13087 | D:10     | Killed Harold
 13087 | D:10     | Reached skill level 5 in Shields
 13242 | D:10     | Upgraded the game from 0.20-a0-428-g059cf21 to 0.20-a0-429-g054b1fe
 14153 | D:10     | Reached *** piety under Elyvilon
 14612 | D:11     | Noticed a two-headed ogre
 14623 | D:11     | Killed a two-headed ogre
 14623 | D:11     | Reached skill level 5 in Armour
 14623 | D:11     | Reached skill level 9 in Invocations
 14944 | D:11     | Killed an unseen horror
 15038 | D:11     | Noticed a two-headed ogre
 15056 | D:11     | Killed a two-headed ogre
 15056 | D:11     | Reached XP level 12. HP: 10/103 MP: 1/21
 15258 | D:11     | Identified the +1 robe of Cepuiduh {MR+ Str+5 Int+2 Slay+2} (You took it off an orc on level 11 of the Dungeon)
 15547 | D:11     | Learned a level 2 spell: Repel Missiles
 16172 | D:12     | Noticed a two-headed ogre
 16176 | D:12     | Noticed Fannar
 16182 | D:12     | Reached skill level 5 in Staves
 16186 | D:12     | Killed a two-headed ogre
 16186 | D:12     | Reached skill level 10 in Invocations
 16243 | D:11     | HP: 4/103 [slime creature (13)]
 16244 | D:11     | Mangled by a slime creature

Vault maps used:
D:1:      lemuel_arrival_lava_pool
D:2:      nemelex_diamond_rough_becter
D:3:      portal_sewer_entry_a
D:4:      serial_shops, shop_coins, yredelemnul_altar_generic, uniq_robin
D:5:      first_bread
D:6:      marbit_many_paths, serial_shops, shop, uniq_menkaure, uniq_edmund
D:7:      lemuel_bear_cage, nicolae_ru_sacrificial_ziggurat, tso_metal_star,
          the_bakery, grunt_dithmenos_smoke, uniq_duvessa
D:8:      kennysheep_kite_vault
D:9:      david_lair_generic, orc_0_dummy, basic_altar, hangedman_tell_no_tales,
          uniq_maurice
D:10:     uniq_harold
D:12:     basic_altar, uniq_sonja, uniq_fannar
Temple:   regret_index_temple_mists
Sewer:    sewer_co_tree

Skill      XL: |  1  2  3  4  5  6  7  8  9 10 11 12 |
---------------+-------------------------------------+-----
Conjurations   | 1 2 3 4 5 6 |  6.1
Spellcasting   | 2 3 4 5 6 |  6.3
Armour         | 1 2 3 4 5 |  5.5
Dodging        | 3 4 5 6 7 8 |  8.2
Fighting       | 1 2 3 4 5 |  5.1
Poison Magic   | 3 4 5 6 7 8 |  8.9
Staves         | 1 2 3 4 5 |  5.1
Shields        | 2 4 5 |  5.0
Invocations    | 4 7 9 10 | 10.1
Stealth        | |  2.4

Action                   |  1- 3 |  4- 6 |  7- 9 | 10-12 || total
-------------------------+-------+-------+-------+-------++-------
Melee: Unarmed           |    12 |       |       |       ||    12
       Mace              |     7 |     4 |       |       ||    11
       Quarterstaff      |       |    86 |   275 |    47 ||   408
       Lajatang          |       |       |       |   365 ||   365
 Cast: Sting             |    91 |   114 |   306 |    82 ||   593
       Mephitic Cloud    |       |     1 |     4 |    28 ||    33
       Olgreb's Toxic Ra |       |       |    25 |    88 ||   113
       Venom Bolt        |       |       |       |    15 ||    15
       Repel Missiles    |       |       |       |     1 ||     1
Invok: Lesser Healing    |       |       |     2 |    47 ||    49
 Abil: Heal Wounds       |       |     2 |     7 |     3 ||    12
Evoke: Wand              |       |       |    12 |    13 ||    25
  Use: Scroll            |    10 |     2 |     7 |    11 ||    30
       Potion            |     1 |     1 |     3 |     5 ||    10
 Stab: Sleeping          |       |       |     4 |     2 ||     6
       Confused          |       |       |     1 |     6 ||     7
       Distracted        |       |       |       |     1 ||     1
  Eat: Chunk             |     3 |     5 |    16 |    19 ||    43
       Royal jelly       |       |     1 |       |       ||     1
       Fruit             |       |     1 |     1 |     9 ||    11
       Pizza             |       |       |     4 |       ||     4
       Meat ration       |       |       |     1 |     5 ||     6
       Beef jerky        |       |       |     1 |     2 ||     3
Armor: Robe              |     8 |       |       |     7 ||    15
       Leather armour    |     4 |    26 |   122 |   157 ||   309
Dodge: Dodged            |    22 |    68 |   229 |   288 ||   607
       Deflected         |       |       |       |     1 ||     1
